 Dungeon Sprint DCSS version 0.26-a0-683-g5206c1d7ac (webtiles) character file.

Game seed: 5683852374247172934

125 rocky1 the Spear-Bearer (level 5, -1/46 HPs)
             Began as a Merfolk Gladiator on Oct 23, 2020.
             Slain by a neqoxec (10 damage)
             ... while paralysed
             ... in the Dungeon (Sprint II: "The Violet Keep of Menkaure").
             The game lasted 00:01:35 (19 turns).

rocky1 the Spear-Bearer (Merfolk Gladiator)           Turns: 19, Time: 00:01:36

Health: -1/46      AC:  4    Str: 15    XL:     5   Next: 9%
Magic:  5/5        EV:  2    Int:  7    God:
Gold:   0          SH:  0    Dex: 16    Spells: 4/4 levels left

rFire    . . .     SeeInvis .   a - +0 trident
rCold    . . .     Faith    .   (no shield)
rNeg     . . .     Spirit   .   b - +0 leather armour
rPois    .         Reflect  .   c - +0 helmet
rElec    .         Harm     .   (no cloak)
rCorr    .         Rampage  .   (no gloves)
MR       .....     NoTele   +   (no boots)
Stlth    +.........             (no amulet)
HPRegen  0.15/turn              (no ring)
MPRegen  0.09/turn              (no ring)

@: paralysed, berserk cooldown, slowed
A: change form in water, swift swim, stealthy swim
a: no special abilities


You were in the Dungeon.
You visited 1 branch

Inventory:

Hand Weapons
 a - a +0 trident (weapon)
Missiles
 d - 3 throwing nets (quivered)
Armour
 b - a +0 leather armour (worn)
 c - a +0 helmet (worn)
Scrolls
 j - a scroll of blinking
Potions
 e - a potion of curing
 f - a potion of heal wounds
 g - a potion of haste
 h - 2 potions of magic


   Skills:
 + Level 5.6 Fighting
 + Level 8.1 Polearms
 - Level 2.0 Throwing
 + Level 3.4 Armour
 + Level 7.4 Dodging


You had 4 spell levels left.
You didn't know any spells.
Your spell library was empty.

Dungeon Overview and Level Annotations

Branches:
Dungeon (1/1)

Altars:


Message History

Attack whom?
Press: ? - help, Dir - move target cursor, f - neqoxec
Aim: a neqoxec You reach to attack!
You barely miss the neqoxec.
A neqoxec comes into view.
You puncture the neqoxec!
The neqoxec is heavily wounded.
The neqoxec gestures.
You puncture the neqoxec!
The neqoxec is severely wounded.
The neqoxec barely misses you.
You hit the neqoxec.
The neqoxec is severely wounded.
You are no longer berserk.
You pass out from exhaustion.
You feel yourself slow down.
The neqoxec gestures.
The crimson imp shouts!
The neqoxec hits you!
You die...

#+#
##.##
+5<.+
##@##
#3#
##3
#5 ##


You could see 2 neqoxecs, a crimson imp (summoned) and a white imp (summoned).

Vanquished Creatures
  A neqoxec (D)
1 creature vanquished.

Notes
Turn   | Place    | Note
-------+----------+-------------------------------------------
     0 | D        | rocky1 the Merfolk Gladiator began the quest for the Orb.
     0 | D        | Reached XP level 1. HP: 16/16 MP: 1/1
     1 | D        | Noticed a neqoxec
     1 | D        | Noticed a neqoxec
    14 | D        | Killed a neqoxec
    14 | D        | Reached skill level 5 in Fighting
    14 | D        | Reached skill level 8 in Polearms
    14 | D        | Reached XP level 2. HP: 8/28 MP: 2/2
    14 | D        | Reached XP level 3. HP: 10/34 MP: 3/3
    14 | D        | Reached XP level 4. HP: 12/40 MP: 4/4
    14 | D        | Reached XP level 5. HP: 13/46 MP: 5/5
    15 | D        | Noticed a neqoxec
    19 | D        | Slain by a neqoxec

Illustrated notes

Levels and vault maps discovered:
D:        the_violet_keep_of_menkaure [sprint2_stairs_cluster_1,
          sprint2_shoproom, sprint2_temple, sprint2_basic_supplies,
          sprint2_obstacle_2, sprint2_obstacle_4, sprint2_obstacle_6,
          sprint2_obstacle_5, sprint2_obstacle_7, sprint2_timed_cluster_1,
          sprint2_smallroom_cluster_1, sprint2_smallroom_final_cluster_1,
          sprint2_transparent_cluster_1, sprint2_second_timed_cluster_1,
          sprint2_sniper_area_1, sprint2_heavy_combat_area_1,
          sprint2_mutation_trap_area_1, sprint2_forest_area_1,
          sprint2_light_combat_area_1, sprint2_behind_water_1,
          sprint2_near_end_vault_1]

Skill      XL: |  1 |
---------------+----+-----
Fighting       | 5 |  5.6
Polearms       | 8 |  8.1
Armour         | 3 |  3.4
Dodging        | 7 |  7.4
Throwing       | |  2.0

Action                   |  1- 3 |  4- 6 || total
-------------------------+-------+-------++-------
Melee: Trident           |    12 |     4 ||    16
  Use: Potion            |     1 |       ||     1
Dodge: Dodged            |     1 |     1 ||     2

Table legend: (Time is in decaauts)
 A = Elapsed time spent in this place.
 B = Non-inter-level travel time spent in this place.
 C = Inter-level travel time spent in this place.
 D = Time resting spent in this place.
 E = Time spent auto-exploring this place.
 F = Levels seen in this place.
 G = Mean time per level.
                   A        B        C        D        E       F      G
               +--------+--------+--------+--------+--------+-----+--------+
         Total |     14 |     14 |      0 |      0 |      0 |   1 |   14.0 |
       Dungeon |     14 |     14 |      0 |      0 |      0 |   1 |   14.0 |
               +--------+--------+--------+--------+--------+-----+--------+

Top non-repeatable levels by time:
       D: 14 daAuts
